 Dungeon Crawl Stone Soup version 0.17.1-1-g73c8601 (webtiles) character file.

24 Goblin1989 the Insei (level 3, -2/26 HPs)
             Began as a Merfolk Transmuter on Jan 9, 2016.
             Slain by an orc
             ... wielding a +0 morningstar
              (10 damage)
             ... on level 1 of the Dungeon.
             The game lasted 00:01:56 (1124 turns).

Goblin1989 the Insei (Merfolk Transmuter)           Turns: 1124, Time: 00:01:56

Health: -2/26      AC:  5    Str: 11    XL:     3   Next: 2%
Magic:  5/6        EV: 11    Int: 12    God:
Gold:   52         SH:  0    Dex: 14    Spells: 1 memorised, 5 levels left

rFire  . . .     SeeInvis .       - Unarmed
rCold  . . .     Clarity  .     l - +0 ring mail
rNeg   . . .     SustAt   .     (no shield)
rPois  .         Gourm    .     (no helmet)
rElec  .         Spirit   .     (no cloak)
rCorr  .         Warding  .     (no gloves)
rMut   .         Stasis   .     (no boots)
MR     .....                    (no amulet)
Stlth  +.........               (no ring)
                                (no ring)

@: appendage (expiring), not resistant to hostile enchantments, very unstealthy
A: change form in water, swift swim, horns 2
a: End Transformation


You were on level 1 of the Dungeon.
You were hungry.
You had grown temporary horns.
You visited 1 branch of the dungeon, and saw 1 of its levels.

You collected 52 gold pieces.

Inventory:

Missiles
 a - 12 arrows
Armour
 l - a +0 ring mail (worn)
Jewellery
 e - an uncursed ring of stealth {unknown}
Scrolls
 g - 2 scrolls of remove curse {unknown}
 i - a scroll of magic mapping {unknown}
 k - a scroll of blinking {unknown}
Potions
 f - 2 potions of experience {unknown}
 h - a potion of might {unknown}
 j - a potion of heal wounds {unknown}
Books
 c - a book of Changes

   Spells                             Type                      Level
   a - Beastly Appendage              Transmutation                1
   b - Sticks to Snakes               Transmutation                2
   c - Spider Form                    Transmutation/Poison         3
   d - Ice Form                       Ice/Transmutation            4
   e - Blade Hands                    Transmutation                5
Comestibles
 d - a bread ration


   Skills:
 - Level 1.1 Fighting
 - Level 2.6 Dodging
 + Level 4.5 Unarmed Combat
 - Level 2.0 Spellcasting
 - Level 2.6 Transmutations


You had 5 spell levels left.
You knew the following spells:

 Your Spells              Type           Power        Failure   Level  Hunger
a - Beastly Appendage     Trmt           #.....       24%         1    ##.....


Dungeon Overview and Level Annotations

Branches:
Dungeon (1/15)

Altars:
Xom


Innate Abilities, Weirdness & Mutations

You revert to your normal form in water.
You are very nimble and swift while swimming.
You have a pair of horns on your head.


Message History

You grow a pair of large bovine horns.
The orc priest shouts! 2 orcs come into view.
The orc shouts! x2
Something hits the plant but does no damage.
The orc priest calls down the wrath of Beogh upon you.
Pain shoots through your body!
An orc comes into view. It is wielding a dagger.
An orc comes into view. It is wielding a whip.
The orc shouts! x2
The orc priest looks braver for a moment.
Your transformation is almost over.
The orc priest looks braver for a moment.
The orc barely misses you.
You closely miss the orc priest. The orc hits you with a morningstar.
The orc priest closely misses you. The orc barely misses you.
You hit the orc priest but do no damage.
The orc priest casts a cantrip, but nothing happens.
The orc hits you with a morningstar!
You die...

###.##................#........
####...##.####....>.....#........
#....♣.♣..# #..........##.......
....♣P.♣♣#####...................
...†♣..P♣............(..###......
....♣♣..♣#####.......(..# ##.#...
....♣P..♣ ##........## #.#...
....♣♣.P♣ ##.....)).## #.....
#...#♣♣♣# ###.o@.......## ##....
#####.# #..ooo........## #...#
#.######.o.....P......###...#
##.##.........♣♣P....#..##...#
#.......P....♣♣P..............
##.#.#P.PP.P.♣♣.PP..#####..#..
##.....P.♣♣P.PP....## ##.#.#
#..##..♣♣♣.PP...#### #.....
#..##...P♣..##### #.....


You could see an orc priest and 4 orcs.

Vanquished Creatures
  An ooze (D:1)
  A giant gecko (D:1)
  2 giant cockroaches (D:1)
  3 hobgoblins (D:1)
  A ball python (D:1)
  3 bats (D:1)
  2 giant newts (D:1)
  3 kobolds (D:1)
  3 rats (D:1)
19 creatures vanquished.

Notes
Turn   | Place    | Note
--------------------------------------------------------------
     0 | D:1      | Goblin1989 the Merfolk Transmuter began the quest for the Orb.
     0 | D:1      | Reached XP level 1. HP: 15/15 MP: 3/3
   117 | D:1      | Reached XP level 2. HP: 5/21 MP: 3/5
   450 | D:1      | Reached skill level 4 in Unarmed Combat
   701 | D:1      | Found a shimmering altar of Xom.
  1106 | D:1      | Reached XP level 3. HP: 22/26 MP: 4/6
  1124 | D:1      | Slain by an orc

Action                   || total
-------------------------++-------
Melee: Unarmed           ||    61
 Cast: Beastly Appendage ||     7
 Stab: Sleeping          ||     2
